[ AOE2 MATCH · #506893835 ]
UnrankedRomans vs Hindustanis
Player's team · WIN
[ REPLAY ANALYSIS · EXTRACTED FROM THE RECORDED GAME ]
Feudal
—
Castle
—
Imperial
—
| APM avg | 25.5 |
| APM peak | 60 |
| eAPM avg | 13.6 |
| Villagers / military | 95 / 103 |
Focus
⚔️ 29.3% · 🌾 70.7%
Militia ×38 · Skirmisher ×30 · Centurion ×14 · Mangonel ×10 · Scorpion ×10 · Battering Ram ×1
Feudal
—
Castle
—
Imperial
—
| APM avg | 47.2 |
| APM peak | 80 |
| eAPM avg | 18.4 |
| Villagers / military | 81 / 71 |
Focus
⚔️ 27.6% · 🌾 72.4%
Archer ×44 · Camel Scout ×10 · Scout Cavalry ×9 · Mangonel ×8
Match map
Initial resources + every placement click. Lines = walls · curves = elevation contours. ◆ gold · ⬟ stone · ● berries · ✦ relic · ◌ wall gap
Your base· Open — opponent sealed themselves in
s1ipperygold's base· ✓ Closed at 18:23 · 32t walls · no gate
Smoothed initial terrain · ◌ = detected wall gap · hover for details
Inputs per minute
— shwajackson - - s1ipperygold
Build order — shwajackson
First 150 of 309 actions detected
| 0:01 | Queue | Villager (Male) |
| 0:01 | Queue | Villager (Male) |
| 0:02 | Queue | Villager (Male) |
| 0:02 | Queue | Villager (Male) |
| 0:02 | Queue | Villager (Male) |
| 0:04 | Build | House |
| 0:05 | Build | House |
| 1:29 | Queue | Villager (Male) |
| 2:13 | Build | Lumber Camp |
| 2:15 | Queue | Villager (Male) |
| 2:20 | Queue | Villager (Male) |
| 2:54 | Queue | Villager (Male) |
| 3:30 | Queue | Villager (Male) |
| 4:03 | Queue | Villager (Male) |
| 4:03 | Queue | Villager (Male) |
| 4:07 | Build | House |
| 4:23 | Queue | Villager (Male) |
| 4:48 | Build | Mill |
| 5:06 | Queue | Villager (Male) |
| 5:24 | Queue | Villager (Male) |
| 5:44 | Research | Loom |
| 6:35 | Queue | Villager (Male) |
| 7:02 | Queue | Villager (Male) |
| 7:38 | Research | Feudal Age |
| 7:48 | Build | Barracks |
| 8:26 | Build | House |
| 8:29 | Build | House |
| 8:52 | Queue | Militia |
| 8:52 | Queue | Militia |
| 8:58 | Build | House |
| 9:04 | Queue | Villager (Male) |
| 9:04 | Queue | Villager (Male) |
| 10:01 | Build | Mining Camp |
| 10:09 | Queue | Villager (Male) |
| 10:17 | Queue | Militia |
| 10:22 | Build | Farm |
| 10:22 | Build | Farm |
| 10:22 | Build | Farm |
| 10:23 | Build | Farm |
| 10:40 | Queue | Villager (Male) |
| 10:41 | Queue | Villager (Male) |
| 10:48 | Queue | Villager (Male) |
| 11:07 | Queue | Villager (Male) |
| 11:33 | Build | Farm |
| 11:33 | Build | Farm |
| 11:33 | Build | Farm |
| 11:38 | Research | Double-Bit Axe |
| 11:52 | Queue | Villager (Male) |
| 11:57 | Build | Farm |
| 12:02 | Build | Farm |
| 12:03 | Queue | Villager (Male) |
| 12:29 | Build | Farm |
| 12:45 | Research | Man-at-Arms (upgrade) |
| 12:57 | Build | Farm |
| 13:12 | Queue | Villager (Male) |
| 13:12 | Queue | Villager (Male) |
| 13:20 | Build | Archery Range |
| 13:49 | Queue | Villager (Male) |
| 13:54 | Build | House |
| 14:02 | Queue | Villager (Male) |
| 14:07 | Build | Farm |
| 14:07 | Build | Farm |
| 14:09 | Queue | Villager (Male) |
| 14:33 | Queue | Skirmisher |
| 14:33 | Queue | Skirmisher |
| 14:34 | Queue | Skirmisher |
| 14:34 | Queue | Skirmisher |
| 14:54 | Queue | Villager (Male) |
| 15:02 | Build | Farm |
| 15:25 | Build | Palisade Wall |
| 15:39 | Queue | Villager (Male) |
| 15:41 | Queue | Skirmisher |
| 15:49 | Build | House |
| 15:52 | Queue | Villager (Male) |
| 16:00 | Build | House |
| 16:01 | Build | House |
| 16:03 | Build | House |
| 16:20 | Build | House |
| 16:29 | Queue | Skirmisher |
| 16:36 | Build | Blacksmith |
| 16:39 | Queue | Villager (Male) |
| 16:40 | Queue | Villager (Male) |
| 16:51 | Queue | Skirmisher |
| 17:01 | Queue | Skirmisher |
| 17:07 | Build | House |
| 17:09 | Queue | Villager (Male) |
| 17:35 | Research | Fletching |
| 17:38 | Build | House |
| 17:39 | Build | House |
| 18:15 | Research | Castle Age |
| 18:27 | Queue | Villager (Male) |
| 18:33 | Build | Barracks |
| 18:37 | Build | House |
| 18:47 | Build | Palisade Wall |
| 18:57 | Build | Palisade Wall |
| 18:59 | Queue | Villager (Male) |
| 19:04 | Queue | Skirmisher |
| 19:04 | Queue | Skirmisher |
| 19:10 | Build | Farm |
| 19:13 | Build | House |
| 19:17 | Build | House |
| 19:23 | Build | Farm |
| 19:23 | Build | Farm |
| 19:24 | Build | Farm |
| 19:26 | Build | Farm |
| 19:39 | Queue | Militia |
| 19:40 | Queue | Militia |
| 19:40 | Queue | Militia |
| 19:40 | Queue | Militia |
| 19:40 | Queue | Militia |
| 19:52 | Build | House |
| 20:17 | Build | House |
| 20:19 | Build | Farm |
| 20:21 | Queue | Villager (Male) |
| 20:27 | Build | House |
| 20:31 | Queue | Villager (Male) |
| 20:34 | Queue | Militia |
| 20:34 | Queue | Militia |
| 20:47 | Build | House |
| 20:51 | Queue | Villager (Male) |
| 20:59 | Build | Siege Workshop |
| 21:01 | Queue | Villager (Male) |
| 21:08 | Build | Farm |
| 21:11 | Build | Farm |
| 21:20 | Research | Long Swordsman (upgrade) |
| 21:22 | Build | House |
| 21:49 | Build | Lumber Camp |
| 21:51 | Queue | Villager (Male) |
| 21:51 | Queue | Villager (Male) |
| 21:57 | Research | Bodkin Arrow |
| 22:02 | Queue | Scorpion |
| 22:02 | Queue | Scorpion |
| 22:05 | Build | House |
| 22:07 | Build | House |
| 22:09 | Build | House |
| 22:17 | Queue | Villager (Male) |
| 22:26 | Queue | Villager (Male) |
| 22:46 | Queue | Villager (Male) |
| 22:51 | Research | Squires |
| 22:57 | Research | Elite Skirmisher (upgrade) |
| 23:03 | Queue | Villager (Male) |
| 23:06 | Queue | Skirmisher |
| 23:35 | Queue | Militia |
| 23:36 | Queue | Militia |
| 23:36 | Queue | Militia |
| 23:39 | Queue | Scorpion |
| 23:39 | Queue | Scorpion |
| 23:39 | Queue | Scorpion |
| 23:47 | Queue | Villager (Male) |
| 24:15 | Queue | Villager (Male) |
Build order — s1ipperygold
First 150 of 257 actions detected
| 0:01 | Queue | Villager (Male) |
| 0:02 | Queue | Villager (Male) |
| 0:02 | Queue | Villager (Male) |
| 0:02 | Queue | Villager (Male) |
| 0:03 | Build | House |
| 0:05 | Build | House |
| 1:17 | Queue | Villager (Male) |
| 1:42 | Queue | Villager (Male) |
| 1:42 | Queue | Villager (Male) |
| 2:13 | Queue | Villager (Male) |
| 2:13 | Queue | Villager (Male) |
| 2:19 | Build | Lumber Camp |
| 2:24 | Queue | Villager (Male) |
| 2:25 | Queue | Villager (Male) |
| 3:26 | Build | House |
| 3:27 | Build | House |
| 3:34 | Queue | Villager (Male) |
| 3:34 | Queue | Villager (Male) |
| 3:34 | Queue | Villager (Male) |
| 3:35 | Queue | Villager (Male) |
| 4:26 | Queue | Villager (Male) |
| 4:26 | Queue | Villager (Male) |
| 4:27 | Queue | Villager (Male) |
| 4:47 | Build | Mill |
| 5:09 | Queue | Villager (Male) |
| 5:09 | Queue | Villager (Male) |
| 5:10 | Queue | Villager (Male) |
| 5:31 | Queue | Villager (Male) |
| 5:32 | Queue | Villager (Male) |
| 5:32 | Queue | Villager (Male) |
| 5:34 | Research | Loom |
| 7:20 | Research | Feudal Age |
| 7:31 | Build | Lumber Camp |
| 7:44 | Queue | Villager (Male) |
| 7:59 | Build | Mining Camp |
| 8:06 | Queue | Villager (Male) |
| 8:20 | Queue | Villager (Male) |
| 8:44 | Build | Barracks |
| 8:47 | Queue | Villager (Male) |
| 8:57 | Queue | Villager (Male) |
| 9:22 | Build | Palisade Wall |
| 9:32 | Build | Palisade Wall |
| 9:42 | Build | Archery Range |
| 9:57 | Queue | Villager (Male) |
| 10:00 | Queue | Villager (Male) |
| 10:14 | Build | House |
| 10:16 | Build | House |
| 10:23 | Queue | Villager (Male) |
| 10:37 | Queue | Archer |
| 10:38 | Queue | Archer |
| 10:38 | Queue | Archer |
| 10:57 | Build | Palisade Wall |
| 10:59 | Build | Palisade Wall |
| 11:01 | Build | Palisade Wall |
| 11:03 | Build | Palisade Wall |
| 11:08 | Build | Palisade Wall |
| 11:10 | Build | Palisade Wall |
| 11:24 | Build | House |
| 11:26 | Build | House |
| 11:38 | Queue | Archer |
| 11:45 | Build | Farm |
| 11:47 | Queue | Villager (Male) |
| 11:47 | Queue | Villager (Male) |
| 11:52 | Queue | Archer |
| 12:10 | Build | House |
| 12:18 | Build | Palisade Wall |
| 12:19 | Build | Palisade Wall |
| 12:26 | Queue | Villager (Male) |
| 12:29 | Build | Farm |
| 12:32 | Build | Farm |
| 12:33 | Build | Farm |
| 12:40 | Queue | Archer |
| 12:53 | Build | Farm |
| 13:12 | Queue | Archer |
| 13:15 | Queue | Villager (Male) |
| 13:17 | Build | Farm |
| 13:46 | Build | Blacksmith |
| 14:04 | Queue | Archer |
| 14:04 | Queue | Archer |
| 14:05 | Queue | Archer |
| 14:09 | Build | House |
| 14:11 | Build | House |
| 14:13 | Build | House |
| 14:55 | Build | Palisade Wall |
| 15:02 | Queue | Archer |
| 15:11 | Build | House |
| 15:14 | Build | Palisade Wall |
| 15:16 | Build | Palisade Wall |
| 15:35 | Queue | Villager (Male) |
| 15:36 | Queue | Villager (Male) |
| 15:36 | Queue | Villager (Male) |
| 15:37 | Queue | Villager (Male) |
| 15:38 | Queue | Archer |
| 16:02 | Research | Fletching |
| 16:15 | Build | House |
| 16:19 | Build | House |
| 16:21 | Build | House |
| 16:38 | Build | Farm |
| 16:39 | Build | Farm |
| 16:39 | Build | Farm |
| 16:39 | Build | Farm |
| 16:40 | Build | Farm |
| 16:45 | Build | House |
| 16:47 | Build | House |
| 17:10 | Queue | Villager (Male) |
| 17:12 | Build | Farm |
| 17:21 | Build | Palisade Wall |
| 17:25 | Build | Farm |
| 18:06 | Build | Farm |
| 18:09 | Build | Farm |
| 18:23 | Research | Castle Age |
| 19:02 | Queue | Villager (Male) |
| 19:15 | Build | Stable |
| 19:26 | Build | Palisade Gate |
| 19:42 | Queue | Archer |
| 19:43 | Queue | Archer |
| 20:03 | Build | Farm |
| 20:23 | Research | Double-Bit Axe |
| 20:24 | Research | Gold Mining |
| 20:25 | Research | Horse Collar |
| 20:41 | Queue | Archer |
| 20:47 | Queue | Scout Cavalry |
| 20:47 | Queue | Scout Cavalry |
| 21:07 | Research | Crossbowman (upgrade) |
| 21:12 | Research | Bodkin Arrow |
| 21:17 | Queue | Scout Cavalry |
| 21:25 | Queue | Archer |
| 21:42 | Queue | Archer |
| 21:43 | Queue | Archer |
| 21:45 | Queue | Villager (Male) |
| 21:45 | Queue | Villager (Male) |
| 21:45 | Queue | Villager (Male) |
| 21:59 | Research | Bow Saw |
| 22:16 | Queue | Archer |
| 22:19 | Queue | Villager (Male) |
| 22:34 | Queue | Archer |
| 22:40 | Research | Bloodlines |
| 23:04 | Build | Siege Workshop |
| 24:27 | Queue | Archer |
| 24:27 | Queue | Archer |
| 24:40 | Queue | Mangonel |
| 24:40 | Queue | Mangonel |
| 24:40 | Queue | Mangonel |
| 24:51 | Queue | Archer |
| 24:53 | Queue | Villager (Male) |
| 24:53 | Queue | Villager (Male) |
| 24:54 | Queue | Villager (Male) |
| 24:58 | Queue | Villager (Male) |
| 25:09 | Research | Padded Archer Armor |
| 25:48 | Build | Town Center |
Match timeline
| 7:48 | shwajackson · first_building Barracks |
| 8:44 | s1ipperygold · first_building Barracks |
| 9:22 | s1ipperygold · wall_segment Palisade Wall x1 |
| 9:32 | s1ipperygold · wall_segment Palisade Wall x1 |
| 9:42 | s1ipperygold · first_building Archery Range |
| 10:57 | s1ipperygold · wall_segment Palisade Wall x1 |
| 10:59 | s1ipperygold · wall_segment Palisade Wall x1 |
| 11:01 | s1ipperygold · wall_segment Palisade Wall x1 |
| 11:03 | s1ipperygold · wall_segment Palisade Wall x1 |
| 11:08 | s1ipperygold · wall_segment Palisade Wall x1 |
| 11:10 | s1ipperygold · wall_segment Palisade Wall x1 |
| 12:18 | s1ipperygold · wall_segment Palisade Wall x1 |
| 12:19 | s1ipperygold · wall_segment Palisade Wall x1 |
| 13:20 | shwajackson · first_building Archery Range |
| 14:55 | s1ipperygold · wall_segment Palisade Wall x1 |
| 15:14 | s1ipperygold · wall_segment Palisade Wall x10 |
| 15:16 | s1ipperygold · wall_segment Palisade Wall x7 |
| 15:25 | shwajackson · wall_segment Palisade Wall x8 |
| 17:21 | s1ipperygold · wall_segment Palisade Wall x4 |
| 18:47 | shwajackson · wall_segment Palisade Wall x5 |
| 18:57 | shwajackson · wall_segment Palisade Wall x22 |
| 19:15 | s1ipperygold · first_building Stable |
| 20:59 | shwajackson · first_building Siege Workshop |
| 23:04 | s1ipperygold · first_building Siege Workshop |
| 31:40 | shwajackson · first_building Castle |
| 35:47 | shwajackson · first_market_buy 100 food |
| 36:06 | s1ipperygold · first_building Castle |
| 42:51 | shwajackson · first_market_sell 100 stone |
| 43:06 | s1ipperygold · resign |
[ AI ANALYSIS · 1 CREDIT ]
What really happened in this match?
Wolo.gg analyzes every decision: build order, eco, micro, common mistakes by bracket. Personalized analysis on WhatsApp or Discord in 30 seconds.
Civ guide
Romans
Perfil
Jugador #19728460